 Dungeon Crawl Stone Soup version 0.31-a0-277-g31ea1f65cc (webtiles) character file.

Game seed: 14274323399462167747

307682 Monkooky the Markself (level 19, -3/108 HPs)
             Began as a Deep Elf Shapeshifter on July 16, 2023.
             Was the Champion of Okawaru.
             Slain by a dire elephant (21 damage)
             ... in the Arena.
             The game lasted 01:55:46 (35942 turns).

Monkooky the Markself (Deep Elf Shapeshifter)      Turns: 35942, Time: 01:55:47

Health: -3/108     AC: 24    Str: 14    XL:     19   Next: 94%
Magic:  13/38      EV: 19    Int: 22    God:    Okawaru [******]
Gold:   886        SH:  0    Dex: 24    Spells: 16/45 levels left

rFire   + + .        a - +7 longbow (freeze)
rCold   . . .        (shield currently unavailable)
rNeg    . . .        n - +0 fire dragon scales
rPois   +            J - +1 helmet "Geoseqyl" {rC+ Str+2}
rElec   .            O - +2 cloak {rPois}
rCorr   +            y - +1 pair of gloves
SInv    .            c - +2 pair of boots
Will    +....        g - amulet of the acrobat
Stlth   ++           Y - ring "Icoy" {rCorr Int+6 Dex+3}
HPRegen 0.38/turn    i - +4 ring of protection
MPRegen 0.26/turn

%: acrobat
@: spiked, very slightly contaminated, studying Invocations, duelling
A: teleportitis 1, subdued magic 1
}: 3/15 runes: serpentine, barnacled, abyssal
a: Renounce Religion, Heroism, Finesse, Duel


You were in the Arena.
You worshipped Okawaru.
Okawaru was exalted by your worship.
You visited 7 branches of the dungeon, and saw 33 of its levels.
You visited the Abyss 1 time.
You also visited: Sewer, Bailey, Gauntlet and Ice Cave.

You collected 3309 gold pieces.
You spent 2423 gold pieces at shops.

Inventory:

Hand Weapons
 a - a +7 longbow of freezing (weapon)
Missiles
 p - 8 curare-tipped darts
 G - 7 throwing nets
 Q - 18 silver javelins
 R - 37 boomerangs
 S - 10 javelins
Armour
 c - a +2 pair of boots (worn)
 d - a +1 helmet of intelligence
 n - +0 fire dragon scales (worn)
 y - a +1 pair of gloves (worn)
 J - the +1 helmet "Geoseqyl" (worn) {rC+ Str+2}
   (You found it in a Gauntlet)

   Str:       It affects your strength (+2).
   rC:        It protects you from cold.
 O - a +2 cloak of poison resistance (worn)
 U - the sphere of Battle
   (You found it on level 15 of the Dungeon)

   It enhances your destructive magic.
   It weakens your non-destructive magic.
   It summons a battlesphere in combat, with strength depending on Conjurations
   skill.
 V - the +1 steam dragon scales "Fyar" {Regen+}
   (You found it in a Gauntlet)

   Regen:     It increases your rate of health regeneration.
Jewellery
 g - an amulet of the acrobat (around neck)
 i - a +4 ring of protection (right hand)
 m - a +6 ring of dexterity
 A - a +5 ring of evasion
 K - a +5 ring of evasion
 W - a ring of protection from cold
 Y - the ring "Icoy" (left hand) {rCorr Int+6 Dex+3}
   (You took it off a deep elf pyromancer on level 14 of the Dungeon)

   [ring of intelligence]

   Int:       It affects your intelligence (+6).
   Dex:       It affects your dexterity (+3).
   rCorr:     It protects you from acid and corrosion.
Wands
 o - a wand of flame (28)
 C - a wand of mindburst (36)
 H - a wand of digging (18)
 L - a wand of polymorph (26)
 Z - a wand of iceblast (10)
Scrolls
 b - 6 scrolls of fog
 f - 5 scrolls of silence
 k - 10 scrolls of teleportation
 l - 5 scrolls of poison
 q - 2 scrolls of brand weapon
 r - 2 scrolls of torment
 u - 7 scrolls of noise
 v - 6 scrolls of fear
 D - 2 scrolls of revelation
 M - 5 scrolls of blinking
 X - 3 scrolls of vulnerability
Potions
 h - 6 potions of might
 j - 2 potions of invisibility
 s - 4 potions of resistance
 t - a potion of berserk rage
 w - a potion of magic
 x - 2 potions of mutation
 z - 2 potions of heal wounds
 E - 3 potions of brilliance
 F - 3 potions of attraction
 I - 9 potions of curing
 N - a potion of haste
 P - 11 potions of enlightenment
Miscellaneous
 e - a lightning rod (4/4)
 B - a tin of tremorstones (2/2)
 T - a phial of floods


   Skills:
 - Level 8.7 Fighting
 - Level 20.0 Ranged Weapons
 * Level 4.6 Armour
 - Level 15.1 Dodging
 - Level 6.2 Stealth
 - Level 1.5 Unarmed Combat
 - Level 13.8 Spellcasting
 - Level 11.2 Conjurations
 - Level 7.4 Hexes
 - Level 12.7 Transmutations
 - Level 11.3 Poison Magic
 - Level 16.3 Invocations
 - Level 18.8 Evocations
 - Level 4.0 Shapeshifting


You had 16 spell levels left.
You knew the following spells:

 Your Spells              Type           Power      Damage    Failure   Level
a - Wereblood             Tmut           53%        N/A       1%          2
b - Petrify               Tmut/Erth      33%        N/A       13%         4
c - Irradiate             Conj/Tmut      25%        3d20      3%          5
d - Eringya's Noxious Bo  Tmut/Pois      25%        4d6       21%         6
e - Ignite Poison         Fire/Tmut/Pois 38%        N/A       1%          3
f - Yara's Violent Unrav  Hex/Tmut       22%        3d10      8%          5
g - Olgreb's Toxic Radia  Pois           50%        N/A       1%          4

Your spell library contained the following spells:

 Spells                   Type           Power      Damage    Failure   Level
 Foxfire                  Conj/Fire      100%       2x1d9     1%          1
 Sting                    Tmut/Pois      100%       1d8       1%          1
 Poisonous Vapours        Pois/Air       60%        N/A       2%          2
 Iskenderun's Battlesphe  Conj           49%        2d10      4%          5
 Cigotuvi's Dreadful Rot  Necr/Pois/Air  48%        N/A       5%          2
 Cause Fear               Hex            18%        N/A       8%          4
 Inner Flame              Hex/Fire       24%        N/A       12%         3
 Anguish                  Hex/Necr       12%        N/A       36%         4
 Fireball                 Conj/Fire      15%        3d8       47%         5
 Frozen Ramparts          Ice            22%        1d4       50%         3
 Freezing Cloud           Conj/Ice/Air   12%        6-21      73%         5
 Metabolic Englaciation   Hex/Ice        12%        N/A       73%         5
 Orb of Destruction       Conj           24%        9d9       85%         7
 Dispel Undead            Necr           11%        3d9       89%         4
 Conjure Ball Lightning   Conj/Air       15%        3x3d6     96%         6
 Starburst                Conj/Fire      15%        6d6       96%         6
 Borgnjor's Vile Clutch   Necr/Erth      5%         N/A       99%         5
 Plasma Beam              Fire/Air       5%         2x1d16    100%        6
 Enfeeble                 Hex            18%        N/A       100%        7
 Discord                  Hex            18%        N/A       100%        8
 Disjunction              Tloc           5%         N/A       100%        8
 Animate Dead             Necr           Unusable   N/A       N/A         4
 Summon Forest            Summ/Tloc      Unusable   N/A       N/A         5
 Death Channel            Necr           Unusable   N/A       N/A         6
 Monstrous Menagerie      Summ           Unusable   N/A       N/A         7

Dungeon Overview and Level Annotations

Branches:
Dungeon (15/15)            Temple (1/1) D:4            Lair (5/5) D:8
 Shoals (4/4) Lair:3        Snake (4/4) Lair:3        Slime (0/5) Lair:4
    Orc (2/2) D:10            Elf (2/3) Orc:2        Vaults (0/5) D:14
  Sewer (visited)          Bailey (visited)           IceCv (visited)
Gauntlet (visited)
 Depths: D:15

Altars:
Ashenzari
Cheibriados
Dithmenos
Elyvilon
Fedhas
Gozag
Hepliaklqana
Kikubaaqudgha
Makhleb
Nemelex Xobeh
Okawaru
Qazlal
Ru
Sif Muna
Trog
Uskayaw
Vehumet
Wu Jian
Xom
Yredelemnul
Zin
The Shining One
Jiyva

Shops:
D:1 :([(   D:5 :   D:9 *   Orc:2 *:[*   Snake:4 [[=

Annotations:
D:8 6 transporters
D:14 Roxanne
Lair:4 1 runed translucent door
Shoals:1 exclusion: downstairs
Snake:2 exclusion: downstairs
Elf:1 exclusion: downstairs


Innate Abilities, Weirdness & Mutations

You are occasionally teleported next to monsters.
Your spells are a little easier to cast, but a little less powerful.


Message History

The arrow freezes the manticore.
The manticore is almost dead.
The yaktaur shoots a bolt.
The bolt misses you.
The salamander shoots an arrow.
The arrow hits you but does no damage.
Unknown command.
Casting: Ignite Poison (safe; 1% risk of failure)
Confirm with . or Enter, or press ? or * to list all spells.
You erupt in a fountain of uncontrolled magic!
The dire elephant is blasted with magical radiation!!!
The dire elephant is almost dead.
The manticore is blasted with magical radiation!!
You kill the manticore!
Okawaru accepts your kill.
The dire elephant tramples you but does no damage.
The dire elephant misses you.
The yaktaur shoots a bolt.
The bolt hits you!
The salamander shoots an arrow.
The arrow misses you.
Unknown command.
You shoot an arrow. The arrow hits the dire elephant!
The arrow freezes the dire elephant.
The dire elephant is almost dead.
The yaktaur shoots a bolt.
The bolt hits you!!
* * * LOW HITPOINT WARNING * * *
The yaktaur shoots a bolt.
The bolt hits you but does no damage. The dire elephant misses you.
The dire elephant trunk-slaps you but does no damage.
The salamander shoots an arrow.
The arrow hits you but does no damage.
Aiming: Duel (1% risk of failure)
Press: ? - help, Dir - move target, f - salamander, p - dire elephant
Aim: a salamander, wielding a +0 shortbow of flaming The salamander is not worthy to be dueled!
Aiming: Duel (1% risk of failure)
Press: ? - help, Dir - move target, f - dire elephant, p - salamander
Aim: a dire elephant (almost dead)
You enter into single combat with the dire elephant!
The world spins around you as you enter the gateway.
You enter Okawaru's Arena!
The spectator shouts! x11
The dire elephant tramples you!!
You die...
Okawaru crowns the dire elephant victorious!

###########
#p.p.p.p.p#
#.▓▓▓▓▓▓▓.#
#p▓.....▓p#
#▓▓.....▓.#
#∩▓..@Y.▓p#
#▓▓.....▓.#
#p▓.....▓p#
#.▓▓▓▓▓▓▓.#
#p.p.p.p.p#
###########


You could see a dire elephant.

Vanquished Creatures
  A juggernaut (Abyss:3)
  A bone dragon (Abyss:3)
  A hellephant (Abyss:3)
  A lich (Abyss:3)
  2 quicksilver dragons (Snake:4)
  The ghost of Caumakya the Peltast, an adept MiFi of Okawaru (Snake:4)
  Frances (Shoals:1)
  Gastronok (Lair:2)
  2 krakens
  Kirke (D:13)
  Ilsuiw (Shoals:1)
  4 nagarajas
  An angel (Abyss:3)
  A reaper (Gauntlet)
  2 ophanim (Abyss:3)
  2 formless jellyfish (Shoals:4)
  A deep elf demonologist (Elf:1)
  A deep elf annihilator (Elf:2)
  A minotaur (Gauntlet)
  A fire dragon (D:14)
  An entropy weaver (shapeshifter) (D:14)
  Josephine (Shoals:1)
  The ghost of Tollund the Covert, a journeyman VSBr of Uskayaw (Lair:3)
  5 merfolk javelineers
  Fannar (D:12)
  A deep elf high priest (Elf:1)
  14 merfolk impalers
  A rakshasa (D:14)
  5 salamander tyrants
  Erolcha (D:10)
  7 hydras
  4 vault guards (D:14)
  A death knight (D:15)
  7 merfolk avatars
  2 alligator snapping turtles (Shoals:4)
  A catoblepas (D:14)
  7 anacondas
  2 satyrs
  7 dancing weapons
  A boulder beetle (D:14)
  3 centaur warriors
  6 merfolk aquamancers
  21 naga warriors
  7 two-headed ogres
  2 thrashing horrors (Abyss:3)
  Urug (Lair:3)
  10 shock serpents
  4 deep elf knights
  Amaemon (Lair:2)
  10 naga sharpshooters
  Sonja (D:12)
  3 salamander mystics (Snake:4)
  3 skysharks
  2 cherubim (Abyss:3)
  A skeletal warrior (D:14)
  7 naga ritualists
  20 sea snakes
  A kraken simulacrum (Shoals:4)
  4 lindwurms (D:12)
  2 phantasmal warriors (D:15)
  A wizard (D:14)
  7 orc knights (Orc:2)
  12 deep elf zephyrmancers
  9 mana vipers
  13 deep elf pyromancers
  6 deep elf archers
  A necromancer (IceCv)
  An orc sorcerer (Orc:2)
  10 harpies (Shoals:2)
  An oklob plant (Shoals:4)
  13 fauns
  18 manticores
  17 ugly things
  16 salamanders
  9 cyclopes
  7 water nymphs
  6 guardian serpents
  3 merfolk sirens
  22 elephants
  45 black mambas
  A torpor snail (Gauntlet)
  An ice statue (IceCv)
  A rust devil (Gauntlet)
  4 smoke demons (Abyss:3)
  12 naga magi
  An unseen horror (D:12)
  An orange demon (Lair:2)
  3 gargoyles
  8 cane toads
  A rime drake (Lair:4)
  A yaktaur (D:15)
  A kobold demonologist (D:13)
  9 komodo dragons
  8 freezing wraiths
  10 ice devils (IceCv)
  2 anaconda simulacra (IceCv)
  An efreet (D:14)
  3 ancient zymes (Abyss:3)
  8 trolls
  37 merfolk
  5 hellwings
  3 raiju (Abyss:3)
  6 hornets (Lair:5)
  9 polar bears
  7 wind drakes
  18 blink frogs
  2 hornets (shapeshifter) (D:14)
  A wolf spider simulacrum (Lair:3)
  17 snapping turtles
  Sigmund (D:6)
  13 dream sheep
  7 large abominations (Abyss:3)
  A vampire (D:10)
  9 wraiths
  11 spriggans (Lair:5)
  An air elemental (Elf:1)
  10 slime creatures
  2 ynoxinuls
  4 hogs (D:13)
  Eustachio (D:6)
  5 fire elementals
  5 wyverns
  3 dire elephant simulacra (IceCv)
  A human (D:13)
  22 water elementals
  54 yaks
  7 death yak simulacra (IceCv)
  5 basilisks
  A neqoxec (Abyss:3)
  4 steam dragons
  3 harpy simulacra (IceCv)
  8 vampire mosquitoes
  10 water moccasins
  6 wargs
  42 nagas
  2 hydra simulacra (Lair:3)
  2 acid dragons
  Duvessa (D:7)
  36 orc warriors
  2 ice beasts (D:7)
  5 black bears
  9 ogres
  31 wolves
  2 small abominations (Abyss:3)
  8 boggarts
  6 centaurs
  4 phantoms
  2 kobold brigands (D:10)
  An earth elemental (Elf:1)
  2 scorpions (D:6)
  17 bullfrogs
  7 cane toad simulacra
  2 gnoll sergeants
  A two-headed ogre simulacrum (IceCv)
  A wight (Abyss:3)
  Dowan (D:7)
  2 elephant simulacra (IceCv)
  7 killer bees
  3 howler monkeys
  A rime drake simulacrum (Lair:3)
  4 lava snakes (Lair:3)
  4 hounds
  3 iron imps (Gauntlet)
  A jelly (D:6)
  13 orc priests
  Crazy Yiuf (D:6)
  5 iguanas
  3 sleepcaps
  A gnoll bouda (D:4)
  16 orc wizards
  A troll simulacrum (IceCv)
  4 polar bear simulacra (IceCv)
  A wolf simulacrum (IceCv)
  A bullfrog simulacrum (Lair:3)
  19 gnolls
  A naga simulacrum (IceCv)
  8 adders
  3 river rats (Sewer)
  2 shadow imps
  A white imp (IceCv)
  2 ufetubi
  5 worms
  A dart slug (D:1)
  74 orcs
  2 bats
  5 endoplasms
  11 giant cockroaches
  7 hobgoblins
  4 jackals (D:3)
  4 quokkas
  9 ball pythons
  2 frilled lizards (D:2)
  12 goblins
  35 kobolds
  3 rats
  4 tentacles
1267 creatures vanquished.

Vanquished Creatures (others)
  A deep elf knight (Elf:1)
  Prince Ribbit (D:6)
  A water elemental (Shoals:2)
  A phantom (D:6)
  2 killer bees (D:8)
  An ufetubus (IceCv)
  An orc (D:8)
  5 tentacles
13 creatures vanquished.

Grand Total: 1280 creatures vanquished

Notes
Turn   | Place    | Note
-------+----------+-------------------------------------------
     0 | D:1      | Monkooky the Deep Elf Shapeshifter began the quest for the
                  | Orb.
     0 | D:1      | Reached XP level 1. HP: 12/12 MP: 3/3
   136 | D:1      | Found Pemuni's Book Shoppe.
   225 | D:1      | Found Neb Dyen's Weapon Shop.
   256 | D:1      | Reached XP level 2. HP: 10/16 MP: 4/4
   368 | D:1      | Found Toff's Armour Boutique.
   685 | D:1      | Found Moinnuti's Antique Weapon Shop.
   691 | D:1      | Bought a sling for 43 gold pieces
  1161 | D:2      | Reached skill level 1 in Ranged Weapons
  1161 | D:2      | Reached XP level 3. HP: 21/21 MP: 5/5
  1255 | D:2      | Found Baidutat's Vocational Training.
  1726 | D:3      | Reached skill level 2 in Ranged Weapons
  1739 | D:3      | Found a basalt altar of Yredelemnul.
  1974 | D:3      | Reached skill level 3 in Ranged Weapons
  2079 | D:3      | Reached skill level 4 in Ranged Weapons
  2079 | D:3      | Reached XP level 4. HP: 26/26 MP: 6/6
  2601 | D:4      | Reached skill level 5 in Ranged Weapons
  2601 | D:4      | Reached XP level 5. HP: 18/30 MP: 7/7
  2763 | D:4      | Reached skill level 6 in Ranged Weapons
  2795 | D:4      | Found a staircase to the Ecumenical Temple.
  2812 | Temple   | Entered the Ecumenical Temple
  2820 | Temple   | Became a worshipper of Warmaster Okawaru
  2897 | D:4      | Reached skill level 7 in Ranged Weapons
  2897 | D:4      | Reached XP level 6. HP: 28/35 MP: 8/8
  3085 | D:4      | Found a stormy altar of Qazlal.
  3248 | D:4      | Reached skill level 8 in Ranged Weapons
  3385 | D:4      | Reached * piety under Okawaru
  3411 | D:4      | Reached XP level 7. HP: 31/39 MP: 9/9
  3850 | D:5      | Entered Level 5 of the Dungeon
  3857 | D:5      | Identified the +1 robe of the Big Bang {Int+3}
  3903 | D:5      | Reached skill level 9 in Ranged Weapons
  4151 | D:5      | Found Gumad's Book Boutique.
  4201 | D:5      | Reached skill level 10 in Ranged Weapons
  4221 | D:5      | Reached ** piety under Okawaru
  4222 | D:5      | Reached skill level 11 in Ranged Weapons
  4383 | D:5      | Reached XP level 8. HP: 36/44 MP: 10/10
  4562 | D:5      | Reached skill level 12 in Ranged Weapons
  4834 | D:5      | Found a blossoming altar of Fedhas.
  4929 | D:6      | Reached skill level 13 in Ranged Weapons
  5155 | D:6      | Noticed Prince Ribbit
  5188 | D:6      | Killed Prince Ribbit
  5189 | D:6      | Reached skill level 14 in Ranged Weapons
  5261 | D:6      | Found a glowing drain.
  5285 | Sewer    | Entered a sewer
  5671 | D:6      | Reached XP level 9. HP: 48/48 MP: 11/11
  5671 | D:6      | Noticed Eustachio
  5673 | D:6      | Noticed Sigmund
  5689 | D:6      | Killed Eustachio
  5690 | D:6      | Reached skill level 5 in Dodging
  5701 | D:6      | Killed Sigmund
  5944 | D:6      | Found a runed translucent door.
  5945 | D:6      | Noticed Crazy Yiuf
  5986 | D:7      | Reached *** piety under Okawaru
  6025 | D:7      | Noticed Duvessa
  6025 | D:7      | Noticed Dowan
  6033 | D:7      | Killed Duvessa
  6041 | D:7      | Killed Dowan
  6204 | D:7      | You fall into a shaft and drop 1 floor!
  6271 | D:8      | Noticed a two-headed ogre
  6282 | D:8      | Killed a two-headed ogre
  6283 | D:8      | Reached skill level 10 in Dodging
  6291 | D:8      | Reached skill level 1 in Invocations
  6448 | D:8      | Reached skill level 1 in Stealth
  6479 | D:8      | Found a transporter.
  6525 | D:8      | Found a transporter.
  6529 | D:8      | Found a transporter.
  6563 | D:8      | Reached XP level 10. HP: 44/54 MP: 13/13
  6843 | D:7      | Reached **** piety under Okawaru
  7046 | D:8      | Noticed a two-headed ogre
  7059 | D:8      | Killed a two-headed ogre
  7195 | D:8      | Reached skill level 5 in Stealth
  7294 | D:8      | Found a staircase to the Lair.
  7347 | D:8      | Found a transporter.
  7457 | D:8      | Found a transporter.
  7468 | D:8      | Found a transporter.
  7681 | D:9      | Found Ytoso's Assorted Antiques.
  7691 | D:9      | Bought a potion of curing for 60 gold pieces
  7691 | D:9      | Bought a brass wand for 80 gold pieces
  7691 | D:9      | Bought a thick smoking staff for 240 gold pieces
  7705 | D:9      | Found a sacrificial altar of Ru.
  7776 | D:9      | Noticed a two-headed ogre
  7795 | D:9      | Killed a two-headed ogre
  7925 | D:9      | Reached skill level 1 in Evocations
  8410 | D:9      | Reached ***** piety under Okawaru
  8420 | D:9      | Reached skill level 5 in Evocations
  8460 | D:9      | Found an ornate altar of the Wu Jian Council.
  8603 | Lair:1   | Entered Level 1 of the Lair of Beasts
  8661 | D:6      | Killed Crazy Yiuf
  8744 | Lair:1   | Reached XP level 11. HP: 48/60 MP: 16/16
  8821 | D:8      | Learned a level 2 spell: Wereblood
  8972 | Lair:1   | Reached skill level 1 in Spellcasting
  8972 | Lair:1   | Reached skill level 1 in Transmutations
  8998 | Lair:1   | Found a gate leading to a gauntlet.
  9007 | Gauntlet | Entered a Gauntlet
  9007 | Gauntlet | Found a runed translucent door.
  9007 | Gauntlet | Found a transporter.
  9007 | Gauntlet | Found a runed translucent door.
  9007 | Gauntlet | Found a transporter.
  9009 | Gauntlet | Found a transporter.
  9009 | Gauntlet | Found a transporter.
  9013 | Gauntlet | Found a transporter.
  9013 | Gauntlet | Found a transporter.
  9041 | Gauntlet | Found a runed translucent gate.
  9041 | Gauntlet | Found a runed translucent gate.
  9041 | Gauntlet | Found a runed translucent gate.
  9043 | Gauntlet | Found a transporter.
  9047 | Gauntlet | Found a transporter.
  9053 | Gauntlet | Noticed a hell beast
  9055 | Gauntlet | Found a transporter.
  9071 | Gauntlet | Found a transporter.
  9074 | Gauntlet | Noticed a reaper
  9085 | Gauntlet | Found a transporter.
  9089 | Gauntlet | Found a transporter.
  9089 | Gauntlet | Noticed a wizard
  9194 | Gauntlet | Learned a level 4 spell: Petrify
  9200 | Gauntlet | Learned a level 5 spell: Irradiate
  9327 | Gauntlet | Reached skill level 1 in Conjurations
  9399 | Gauntlet | Gained mutation: You have large cloven feet. [potion of
                  | mutation]
  9399 | Gauntlet | Gained mutation: Your spells are a little harder to cast,
                  | but a little more powerful. [potion of mutation]
  9408 | Gauntlet | Killed a reaper
  9408 | Gauntlet | Received a gift from Okawaru
  9409 | Gauntlet | Reached skill level 5 in Invocations
  9423 | Gauntlet | Identified the +1 helmet "Geoseqyl" {rC+ Str+2}
  9548 | Gauntlet | Identified the +0 dagger "Zisan" {flame, Dex+2}
  9548 | Gauntlet | Identified the +5 plate armour of the Nexus {rCorr Int-5
                  | Slay+5}
  9548 | Gauntlet | Noticed a minotaur
  9593 | Gauntlet | Killed a minotaur
  9603 | Gauntlet | Identified the +1 steam dragon scales "Fyar" {Regen+}
  9617 | Gauntlet | Got the Collected Works on the Allied Hornet
  9620 | Gauntlet | Identified the +0 pair of boots "Enipsohunn" {Rampage}
  9809 | Lair:1   | Received a gift from Okawaru
  9850 | Lair:1   | Reached ****** piety under Okawaru
 10012 | Lair:1   | Reached skill level 5 in Transmutations
 10012 | Lair:1   | Reached XP level 12. HP: 66/66 MP: 19/21
 10183 | Lair:1   | Reached skill level 5 in Spellcasting
 10436 | Lair:2   | Reached skill level 5 in Conjurations
 10573 | Lair:2   | Noticed Amaemon
 10583 | Lair:2   | Killed Amaemon
 10880 | Lair:2   | Noticed Gastronok
 10905 | Lair:2   | Killed Gastronok
 10905 | Lair:2   | Received a gift from Okawaru
 11005 | Lair:2   | Identified the +3 dire flail of Fixation {freeze, rN+
                  | rCorr}
 11341 | Lair:3   | Noticed Urug
 11355 | Lair:3   | Killed Urug
 11356 | Lair:3   | Reached skill level 15 in Ranged Weapons
 11451 | Lair:3   | Found a staircase to the Shoals.
 11545 | Lair:3   | Found a transporter.
 11657 | Lair:3   | Found a transporter.
 11692 | Lair:3   | Received a gift from Okawaru
 11708 | Lair:3   | Reached skill level 16 in Ranged Weapons
 11726 | Lair:3   | You fall into a shaft and drop 2 floors!
 11726 | Lair:5   | Entered Level 5 of the Lair of Beasts
 11732 | Lair:5   | Noticed a boulder beetle
 11734 | Lair:5   | Reached XP level 13. HP: 55/70 MP: 19/25
 11814 | Lair:5   | Reached skill level 17 in Ranged Weapons
 12085 | Lair:4   | Reached skill level 18 in Ranged Weapons
 12098 | Lair:4   | Received a gift from Okawaru
 12314 | Lair:4   | Found a frozen archway.
 12330 | IceCv    | Entered an ice cave
 13531 | IceCv    | Found an ancient bone altar of Kikubaaqudgha.
 13560 | IceCv    | Received a gift from Okawaru
 14211 | Lair:4   | Reached XP level 14. HP: 76/76 MP: 28/28
 14228 | Lair:4   | Found a runed translucent door.
 14230 | Lair:4   | Found a viscous altar of Jiyva.
 14234 | Lair:4   | Noticed an acid blob
 14235 | Lair:4   | Found a staircase to the Slime Pits.
 14235 | Lair:4   | Noticed an acid blob
 14510 | Lair:4   | Received a gift from Okawaru
 14706 | Lair:5   | Reached skill level 10 in Transmutations
 15001 | Lair:5   | Reached skill level 10 in Conjurations
 15382 | Lair:5   | Received a gift from Okawaru
 15382 | Lair:5   | Found the +8 orange crystal plate armour {Archmagi, Int+3
                  | Clar}
 15499 | Lair:5   | Got the Writings on the Distorted Adder
 15713 | Lair:5   | Learned a level 6 spell: Eringya's Noxious Bog
 15717 | Lair:5   | Learned a level 3 spell: Ignite Poison
 15901 | D:10     | Entered Level 10 of the Dungeon
 15948 | D:10     | Reached skill level 10 in Spellcasting
 15948 | D:10     | Reached XP level 15. HP: 80/80 MP: 29/31
 16003 | D:10     | Found a staircase to the Orcish Mines.
 16064 | D:10     | Found a flagged portal.
 16075 | Bailey   | Entered a bailey
 16091 | Bailey   | Identified the +6 chain mail of Hide-and-Seek {*Corrode
                  | rElec rF+ Stlth+}
 16674 | D:10     | Noticed Erolcha
 16692 | D:10     | Killed Erolcha
 17708 | D:11     | Reached skill level 19 in Ranged Weapons
 17983 | Orc:1    | Entered Level 1 of the Orcish Mines
 18196 | Orc:2    | Entered Level 2 of the Orcish Mines
 18196 | Orc:2    | Found a staircase to the Elven Halls.
 18390 | Orc:2    | Found Yhaso's Armour Boutique.
 18416 | Orc:2    | Found Inifah's General Store.
 18491 | Orc:2    | Found an iron altar of Okawaru.
 18616 | Orc:2    | Found Lomulioj's General Store.
 18616 | Orc:2    | Found Qiqy's Book Emporium.
 18625 | Orc:2    | Reached skill level 20 in Ranged Weapons
 18641 | Orc:2    | Bought a scroll of poison for 40 gold pieces
 18641 | Orc:2    | Bought a scroll of poison for 40 gold pieces
 19201 | D:12     | Reached skill level 5 in Fighting
 19202 | D:12     | Noticed Sonja
 19220 | D:12     | Killed Sonja
 19322 | D:12     | Noticed Fannar
 19341 | D:12     | Killed Fannar
 19497 | D:12     | Received a gift from Okawaru
 19661 | D:13     | Noticed Kirke
 19784 | D:13     | Killed Kirke
 19785 | D:13     | Reached XP level 16. HP: 88/88 MP: 21/32
 20196 | D:2      | Bought a manual of Invocations for 960 gold pieces
 20619 | D:13     | Identified the +2 leather armour "Goipruri" {rPois Dex-5
                  | Stlth+}
 20898 | D:14     | Reached skill level 10 in Invocations
 20949 | D:14     | Found a gate to the Vaults.
 20966 | Abyss:3  | Cast into level 3 of the Abyss (a wizard)
 21194 | Abyss:3  | Noticed a bone dragon
 21207 | Abyss:3  | Gained mutation: You have hidden genetic defects.
                  | [mutagenic glow]
 21217 | Abyss:3  | Killed a bone dragon
 21304 | Abyss:3  | Noticed a hellephant
 21322 | Abyss:3  | Killed a hellephant
 21330 | Abyss:3  | Noticed a lich
 21344 | Abyss:3  | Killed a lich
 21345 | Abyss:3  | Reached skill level 15 in Invocations
 21359 | Abyss:3  | Received a gift from Okawaru
 21423 | Abyss:3  | Found a glowing golden altar of the Shining One.
 21428 | Abyss:3  | Gained mutation: You are clumsy. (Dex -2) [hidden defects]
 21433 | Abyss:3  | Noticed a juggernaut
 21445 | Abyss:3  | Killed a juggernaut
 21454 | Abyss:3  | Got an abyssal rune of Zot
 21480 | D:14     | Escaped the Abyss
 21498 | D:14     | Reached skill level 5 in Poison Magic
 21498 | D:14     | Lost mutation: Your spells are a little harder to cast, but
                  | a little more powerful. [potion of mutation]
 21498 | D:14     | Lost mutation: You are clumsy. (Dex -2) [potion of
                  | mutation]
 21498 | D:14     | Lost mutation: You have large cloven feet. [potion of
                  | mutation]
 21498 | D:14     | Gained mutation: You are partially covered in iridescent
                  | scales. (AC +2) [potion of mutation]
 21498 | D:14     | Gained mutation: You are clumsy. (Dex -2) [potion of
                  | mutation]
 21499 | D:14     | Lost mutation: You have hidden genetic defects. [potion of
                  | mutation]
 21499 | D:14     | Lost mutation: You are clumsy. (Dex -2) [potion of
                  | mutation]
 21499 | D:14     | Gained mutation: Potions are less effective at restoring
                  | your health. [potion of mutation]
 21499 | D:14     | Gained mutation: You have a pair of small antennae on your
                  | head. [potion of mutation]
 21633 | D:14     | Identified the ring "Icoy" {rCorr Int+6 Dex+3}
 21811 | D:14     | Noticed Roxanne
 22255 | D:13     | Received a gift from Okawaru
 22505 | Lair:3   | Found a staircase to the Snake Pit.
 22698 | Lair:3   | Found a runed translucent door.
 22699 | Lair:3   | Noticed Tollund's ghost (journeyman VSBr)
 22877 | Shoals:1 | Entered Level 1 of the Shoals
 23035 | Shoals:1 | Received a gift from Okawaru
 23243 | Shoals:1 | Reached XP level 17. HP: 92/93 MP: 25/34
 23327 | Shoals:1 | Noticed Frances
 23337 | Shoals:1 | Killed Frances
 23583 | Shoals:1 | Noticed a kraken
 23596 | Shoals:1 | Killed a kraken
 23692 | Shoals:1 | Noticed Josephine
 23697 | Shoals:1 | Killed Josephine
 24216 | Shoals:2 | Noticed Ilsuiw
 24228 | Shoals:1 | Received a gift from Okawaru
 24238 | Shoals:1 | Killed Ilsuiw
 24754 | Shoals:2 | Noticed a kraken
 24767 | Shoals:2 | Killed a kraken
 25031 | Shoals:2 | Identified the +0 cloak of Polytheism {rC+ rCorr} (Okawaru
                  | gifted it to you on level 2 of the Shoals)
 25031 | Shoals:2 | Received a gift from Okawaru
 25063 | Arena    | Entered the Arena
 26083 | Shoals:3 | Reached skill level 15 in Dodging
 26593 | Shoals:4 | Entered Level 4 of the Shoals
 26766 | Shoals:4 | Reached XP level 18. HP: 104/104 MP: 36/36
 26857 | Shoals:4 | Found a basalt altar of Yredelemnul.
 26877 | Shoals:4 | Identified the +0 plate armour of the Many Hosts {Dex+5
                  | Stlth+} (Okawaru gifted it to you on level 4 of the Shoals)
 26877 | Shoals:4 | Received a gift from Okawaru
 27031 | Shoals:4 | Reached skill level 10 in Poison Magic
 27324 | Shoals:4 | Got a barnacled rune of Zot
 27953 | Lair:3   | Killed Tollund's ghost
 28170 | D:2      | Bought a manual of Evocations for 960 gold pieces
 28381 | Elf:1    | Entered Level 1 of the Elven Halls
 28414 | Elf:1    | Identified the +3 rapier of Urgency {flame, rElec Will+
                  | Int+4}
 28526 | Elf:1    | Identified the +2 chain mail of Punlimuggat {rF+ Str+6}
 28736 | Elf:1    | Reached skill level 10 in Evocations
 28746 | Elf:1    | Gained mutation: You occasionally lose the ability to read
                  | scrolls when taking damage. [mutagenic glow]
 28802 | Elf:1    | Lost mutation: You are partially covered in iridescent
                  | scales. (AC +2) [potion of mutation]
 28802 | Elf:1    | Lost mutation: You have a pair of small antennae on your
                  | head. [potion of mutation]
 28802 | Elf:1    | Lost mutation: Potions are less effective at restoring your
                  | health. [potion of mutation]
 28802 | Elf:1    | Gained mutation: You expend magic power (3 MP) to
                  | strengthen your wands. [potion of mutation]
 28803 | Elf:1    | Lost mutation: You occasionally lose the ability to read
                  | scrolls when taking damage. [potion of mutation]
 28803 | Elf:1    | Lost mutation: You expend magic power (3 MP) to strengthen
                  | your wands. [potion of mutation]
 28803 | Elf:1    | Gained mutation: You are occasionally teleported next to
                  | monsters. [potion of mutation]
 29111 | Elf:1    | Received a gift from Okawaru
 29517 | Elf:1    | Learned a level 5 spell: Yara's Violent Unravelling
 29522 | Elf:1    | Learned a level 4 spell: Olgreb's Toxic Radiance
 29705 | Elf:2    | HP: 1/104 [deep elf zephyrmancer/bolt of lightning (34)]
 30144 | Snake:1  | Entered Level 1 of the Snake Pit
 30508 | Snake:1  | Reached skill level 15 in Evocations
 30996 | Snake:2  | Received a gift from Okawaru
 31156 | Snake:2  | Reached XP level 19. HP: 93/108 MP: 31/38
 32332 | Snake:4  | Entered Level 4 of the Snake Pit
 32386 | Snake:4  | Found Feel Yro's Armour Boutique.
 32518 | Snake:4  | Found Qoulluo's Jewellery Shop.
 32547 | Snake:4  | Identified the +8 shortbow "Vaun" {drain, rPois rN+++ Will-
                  | rCorr} (Okawaru gifted it to you on level 4 of the Snake
                  | Pit)
 32547 | Snake:4  | Received a gift from Okawaru
 32690 | Snake:4  | Found Luusotz's Armour Shop.
 32859 | Snake:4  | Reached skill level 1 in Hexes
 33244 | Snake:4  | Found a runed translucent gate.
 33244 | Snake:4  | Found a runed translucent gate.
 33244 | Snake:4  | Found a runed translucent gate.
 33244 | Snake:4  | Noticed Caumakya's ghost (adept MiFi)
 33265 | Snake:4  | Killed Caumakya's ghost
 33266 | Snake:4  | Reached skill level 5 in Hexes
 33715 | Snake:4  | HP: 2/108 [salamander tyrant (41)]
 33721 | Snake:4  | Gained mutation: Your spells are a little easier to cast,
                  | but a little less powerful. [mutagenic glow]
 33838 | Snake:4  | Identified the scarf of the Loofah {+Inv, MP+9 Int+3}
                  | (Okawaru gifted it to you on level 4 of the Snake Pit)
 33838 | Snake:4  | Received a gift from Okawaru
 34503 | Snake:4  | Reached skill level 1 in Armour
 34969 | Snake:4  | Got a serpentine rune of Zot
 35307 | D:15     | Entered Level 15 of the Dungeon
 35600 | D:15     | Found the sphere of Battle
 35942 | Arena    | Entered the Arena
 35942 | Arena    | Slain by a dire elephant

Illustrated notes

Levels and vault maps discovered:
D:1:      spicycebolla_arrival_xxxplode, layout_loops_ring, serial_shops,
          nicolae_shop_tiny_statue_garden, nicolae_lakefront_shop,
          nicolae_shop_dealshenge, nicolae_shop_tiny_real_fake_doors,
          minmay_3d_cube
D:2:      layout_basic, nicolae_shop_vocational
D:3:      layout_basic, mainiacjoe_overflow_alcove_2, chequers_big_river
D:4:      layout_gridville, nicolae_qazlal_beasts_of_the_sky,
          minmay_temple_entry_glassed_door
D:5:      layout_basic, lemuel_coloured_pillars_altar, serial_shops,
          nicolae_shop_tiny_statue_garden, corexii_leaking_fountain,
          serial_bayou_crossing
D:6:      layout_rooms, portal_sewer_entry_f, uniq_eustachio,
          uniq_prince_ribbit1, uniq_crazy_yiuf_cottage, uniq_sigmund
D:7:      layout_basic, minmay_misc_feat_four_crosses, minmay_fountain_box,
          uniq_duvessa
D:8:      layout_loops_cross, lair_entry_dummy, serial_nicolae_subway,
          nicolae_sub_station_crystal, nicolae_sub_station_stone,
          nicolae_sub_station_metal
D:9:      layout_basic, mainiacjoe_overflow_alcove_4,
          mainiacjoe_overflow_chevrons, serial_shops,
          nicolae_shop_tiny_statue_garden
D:10:     layout_long_grid, orc_0_dummy, enter_bailey_3, uniq_erolcha
D:11:     layout_stronghold, serial_column_ruins, column_ruins_hut,
          column_ruins_open_tiny, column_ruins_open_large,
          column_ruins_columns_T, minmay_misc_feat_encased
D:12:     layout_rooms, minmay_lindwurm_lava, uniq_sonja, uniq_fannar
D:13:     layout_irregular_city, uniq_kirke
D:14:     layout_rooms, lightli_vaults_fourway_checkpoint, wad_floor_pattern_2,
          uniq_roxanne
D:15:     hangedman_depths_entry_try_elsewhere_first, layout_gridville,
          minivault_26
Temple:   sentei_temple_godly_chess
Lair:1:   layout_chaotic_city, gauntlet_entry_generic
Lair:2:   layout_gridlike, uniq_amaemon, uniq_gastronok
Lair:3:   gammafunk_cloud_chamber, layout_regular_city,
          minmay_shoals_entry_centaurs, nicolae_snake_entry_warm_welcome,
          ebering_ghost_reflecting_pool, uniq_urug
Lair:4:   layout_regular_city, slime_entry_2, portal_ice_cave_entry_pillars_1,
          grunt_megastairs_5
Lair:5:   minmay_lair_end_enchanted_forest, layout_regular_city,
          lemuel_fruit_tree
Shoals:1: layout_shoals, uniq_josephine, uniq_frances
Shoals:2: cheibrodos_shoals_epimethial_gifts, layout_shoals, uniq_ilsuiw
Shoals:3: layout_shoals, st_sunken_huts
Shoals:4: shoals_end_grunt_ice, layout_shoals, lemuel_oklob_altar
Snake:1:  layout_gridlike
Snake:2:  layout_rooms
Snake:3:  layout_rooms
Snake:4:  hellmonk_snake_rune_quicksilver_temple, layout_gridlike,
          ebering_ghost_rock_garden, serial_shops, shop, shop,
          nicolae_shop_hallway_plus
Orc:1:    layout_diamond_mine
Orc:2:    st_orc_town, layout_caves, okawaru_metal_pillars_1_2
Elf:1:    layout_loops_corners, hangedman_elf_represent,
          serial_sigils_hangedman_carve
Elf:2:    elven_hall_of_blades_hangedman_alternative
          [mumra_blade_entry_bloodbath], layout_loops_ring,
          portal_desolation_entry_holy_temple, uniq_azrael, uniq_asterion
Arena

Skill      XL: |  1  2  3  4  5  6  7  8  9 10 11 12 13 14 15 16 17 18 19 |
---------------+----------------------------------------------------------+-----
Shapeshifting  | 4 |  4.0
Ranged Weapons | 1 4 5 7 8 11 14 16 18 20 | 20.0
Dodging        | 4 10 11 15 | 15.1
Fighting       | 2 3 4 6 8 |  8.7
Invocations    | 2 4 8 15 16 | 16.3
Stealth        | 1 6 |  6.2
Evocations     | 6 7 17 18 | 18.8
Spellcasting   | 4 6 8 10 11 12 13 | 13.8
Transmutations | 5 7 9 11 12 | 12.7
Conjurations   | 4 7 9 11 | 11.2
Poison Magic   | 2 7 9 11 | 11.3
Hexes          | 7 |  7.4
Armour         | 4 |  4.6
Unarmed Combat | |  1.5

Action                     |  1- 3 |  4- 6 |  7- 9 | 10-12 | 13-15 | 16-18 | 19-21 || total
---------------------------+-------+-------+-------+-------+-------+-------+-------++-------
  Melee: Unarmed           |    17 |    11 |       |       |       |       |       ||    28
         Short sword       |    44 |       |       |       |       |       |       ||    44
         Punch             |     1 |     1 |       |       |       |       |       ||     2
   Fire: Sling             |    66 |    98 |       |       |       |       |       ||   164
         Shortbow          |       |    17 |   471 |   698 |       |       |       ||  1186
         Orcbow            |       |       |       |   137 |   852 |       |       ||   989
         Longbow           |       |       |       |       |   432 |  1401 |   509 ||  2342
   Cast: Irradiate         |       |       |       |     4 |    24 |    42 |    20 ||    90
         Wereblood         |       |       |       |     1 |     1 |     2 |       ||     4
         Eringya's Noxious |       |       |       |       |       |    49 |    20 ||    69
         Ignite Poison     |       |       |       |       |       |    41 |    11 ||    52
         Petrify           |       |       |       |       |       |     2 |       ||     2
         Yara's Violent Un |       |       |       |       |       |     3 |    12 ||    15
         Olgreb's Toxic Ra |       |       |       |       |       |       |     3 ||     3
 Invoke: Heroism           |       |       |     3 |     2 |     3 |     3 |       ||    11
         Finesse           |       |       |       |     1 |     1 |     2 |       ||     4
         Duel              |       |       |       |       |       |     1 |     1 ||     2
  Evoke: Wand              |       |       |     1 |     9 |     7 |     1 |     2 ||    20
         Lightning rod     |       |       |       |       |       |     5 |       ||     5
         Phial of floods   |       |       |       |       |       |       |     1 ||     1
    Use: Potion            |       |     1 |     4 |     2 |     3 |     8 |     1 ||    19
         Scroll            |       |       |    16 |     7 |    12 |     8 |     1 ||    44
   Stab: Sleeping          |     1 |       |       |       |       |       |       ||     1
 Armour: Animal skin       |    12 |     7 |       |       |       |       |       ||    19
         Skin              |       |    20 |       |       |       |       |       ||    20
         Robe              |       |       |    19 |       |    13 |       |       ||    32
         Steam dragon scal |       |       |     2 |    48 |    69 |   129 |    36 ||   284
         Acid dragon scale |       |       |       |    51 |       |       |       ||    51
         Fire dragon scale |       |       |       |       |       |       |    44 ||    44
  Dodge: Dodged            |    43 |    31 |   114 |   406 |   327 |   475 |   225 ||  1621
         Form:             |       |       |     1 |       |       |       |       ||     1

Table legend: (Time is in decaauts)
 A = Elapsed time spent in this place.
 B = Non-inter-level travel time spent in this place.
 C = Inter-level travel time spent in this place.
 D = Time resting spent in this place.
 E = Time spent auto-exploring this place.
 F = Levels seen in this place.
 G = Mean time per level.
                   A        B        C        D        E       F      G
               +--------+--------+--------+--------+--------+-----+--------+
         Total |  35316 |  31767 |   3549 |   2803 |  21618 |  40 |  882.9 |
       Dungeon |  14072 |  11994 |   2078 |    553 |   9261 |  15 |  938.1 |
        Temple |     15 |     15 |      0 |      0 |      0 |   1 |   15.0 |
          Lair |   5635 |   5048 |    587 |    234 |   3306 |   5 | 1127.0 |
        Shoals |   5033 |   4762 |    271 |    279 |   3435 |   4 | 1258.2 |
     Snake Pit |   4748 |   4446 |    302 |    666 |   2980 |   4 | 1187.0 |
  Orcish Mines |   1263 |   1044 |    219 |      0 |    761 |   2 |  631.5 |
   Elven Halls |   1325 |   1237 |     88 |    102 |    868 |   2 |  662.5 |
         Abyss |    415 |    415 |      0 |     44 |    144 |   1 |  415.0 |
         Sewer |    408 |    408 |      0 |     47 |    280 |   1 |  408.0 |
        Bailey |    362 |    362 |      0 |      0 |    244 |   1 |  362.0 |
      Ice Cave |   1434 |   1434 |      0 |    712 |    244 |   1 | 1434.0 |
      Gauntlet |    575 |    575 |      0 |    158 |     93 |   1 |  575.0 |
         Arena |     26 |     26 |      0 |      5 |      0 |   2 |   13.0 |
               +--------+--------+--------+--------+--------+-----+--------+

Top non-repeatable levels by time:
 Snake:4: 2069 daAuts
Shoals:1: 1565 daAuts
     D:8: 1547 daAuts
Shoals:2: 1435 daAuts
   IceCv: 1434 daAuts
     D:4: 1397 daAuts
   Elf:1: 1268 daAuts
  Lair:3: 1261 daAuts
  Lair:5: 1207 daAuts
Shoals:4: 1168 daAuts
 Snake:3: 1128 daAuts
  Lair:4: 1123 daAuts
     D:5: 1114 daAuts
     D:3: 1080 daAuts
    D:10: 1069 daAuts
